 Dungeon Crawl Stone Soup version bcrawl-1.21.2-20-g6d45ba5942 (webtiles) character file.

Game seed: 17476811290653531668

2272 astraldaughter the Basher (level 9, 0/88 (89) HPs)
             Began as an Ogre Archaeologist on Feb 27, 2020.
             Was a Follower of Sif Muna.
             Shot with an arrow by a centaur (5 damage)
             ... on level 6 of the Dungeon.
             The game lasted 00:13:38 (7353 turns).

astraldaughter the Basher (Ogre Archaeologist)      Turns: 7353, Time: 00:13:39

HP:   0/88 (89)     AC:  6    Str: 19    XL:     9   Next: 38%
MP:   16/16         EV: 10    Int: 16    God:    Sif Muna [*.....]
Gold: 495           SH: 14    Dex: 10    Spells: 14/17 levels left

rFire    + . .     SeeInvis .   z - +0 flail
rCold    . . .     Gourm    .   u - +6 medium shield of the Illusory Realms {rElec Dex+3}
rNeg     . . .     Faith    .   b - +1 robe
rPois    .         Spirit   .   c - +1 hat
rElec    +         Reflect  .   s - +0 cloak {+Inv}
rCorr    .         Harm     .   (gloves unavailable)
MR       .....                  (boots unavailable)
Stlth    ++........             (no amulet)
HPRegen  0.24/turn              r - ring of protection from fire
MPRegen  0.15/turn              (no ring)

@: very slightly contaminated, studying Dodging
A: large, unfitting armour, tough skin 1
a: Divine Energy, Renounce Religion, Evoke Invisibility


You were on level 6 of the Dungeon.
You worshipped Sif Muna.
Sif Muna was aware of your devotion.
You were not hungry.

You visited 1 branch of the dungeon, and saw 6 of its levels.

You collected 495 gold pieces.

Inventory:

Hand Weapons
 z - a +0 flail (weapon)
Missiles
 l - 1139 stones (quivered)
 q - 48 tomahawks
Armour
 b - a +1 robe (worn)
 c - a +1 hat (worn)
 s - a +0 cloak of invisibility (worn)
 u - the +6 medium shield of the Illusory Realms (worn) {rElec Dex+3}
   (You found it on level 4 of the Dungeon)

   It affects your dexterity (+3).
   It insulates you from electricity.
Jewellery
 r - a ring of protection from fire (left hand)
Wands
 j - a wand of digging (10)
 o - a wand of clouds (1)
Scrolls
 d - a scroll of teleportation
 g - 4 scrolls of magic mapping
 h - 5 scrolls of immolation
 k - a scroll of identify
 m - 2 scrolls of blinking
 n - 4 scrolls of remove curse
 p - a scroll of enchant armour {unknown}
Potions
 a - 2 potions of mutation
 i - 4 potions of brilliance
 t - a potion of resistance
 w - a potion of haste {unknown}
Books
 f - a manual of Dodging
Comestibles
 e - 4 rations {!d}


   Skills:
 - Level 6.1 Fighting
 * Level 9.2 Maces & Flails
 + Level 7.1 Dodging
 - Level 2.4 Stealth
 + Level 3.3 Shields
 + Level 4.7 Spellcasting
 + Level 0.7 Charms
 + Level 0.6 Ice Magic


You had 14 spell levels left.
You knew the following spells:

 Your Spells              Type           Power        Failure   Level  Hunger
a - Ozocubu's Armour      Chrm/Ice       #.......     75%         3    ###....

Your spell library contained the following spells:

 Spells                   Type           Power        Failure   Level  Hunger
 Throw Frost              Conj/Ice       #.....       26%         2    ##.....
 Freeze                   Ice            #.....       36%         1    None
 Summon Ice Beast         Ice/Summ       #.......     99%         4    ####...
 Throw Icicle             Conj/Ice       #.......     99%         4    ####...


Dungeon Overview and Level Annotations

Branches:
Dungeon (6/12)             Temple (0/1) D:5

Altars:
Dithmenos
Elyvilon
Fedhas
Hepliaklqana
Okawaru
Sif Muna
Vehumet


Innate Abilities, Weirdness & Mutations

You are too large for most types of armour.
You have tough skin. (AC +1)


Message History

You create a blast of poison gas!
The centaur shoots an arrow.
The arrow misses you.
The centaur is poisoned.
The centaur shoots an arrow.
The arrow hits you.
* * * LOW HITPOINT WARNING * * *
The centaur shoots an arrow.
You block the arrow.
Okay, then.
Blink to where?
Press: ? - help, Dir - move target cursor, p - centaur You are very lightly contaminated with residual magic.
As you read the scroll of blinking, it crumbles to dust.
The centaur shoots an arrow.
You block the arrow.
The centaur shoots an arrow.
The arrow hits you.
* * * LOW HITPOINT WARNING * * *
The centaur shoots an arrow.
The arrow closely misses you.
The centaur shoots an arrow.
You block the arrow.
The centaur shoots an arrow.
The arrow hits you!
* * * LOW HITPOINT WARNING * * *
Okay, then.
The centaur shoots an arrow.
The arrow hits you.
You die...

#≈≈≈≈≈≈≈≈≈≈≈≈≈ ############## #≈
≈≈≈...≈≈≈≈≈# ###############
#≈≈≈≈≈...≈≈≈≈≈# #.........>....
#≈≈≈≈≈..cc≈≈≈≈# #.#.........<..
#≈≈≈≈≈≈≈≈≈≈≈≈≈# #.#.#####.#####
#≈≈≈c≈≈≈≈≈≈≈≈≈# #.#.# #..
#≈≈≈≈≈≈≈≈≈≈≈≈≈## #.#.# ###
.≈≈≈≈≈≈≈≈≈≈≈≈≈.####.#.###########
.≈≈≈≈≈≈≈≈≈≈≈≈≈..@...#............
...............##################
################


You could see a centaur.

Vanquished Creatures
  A hippogriff (D:5)
  Sigmund (D:5)
  Eustachio (D:5)
  A hungry ghost (D:6)
  A necrophage (D:6)
  2 ice beasts (D:6)
  4 ogres
  2 centaurs (D:5)
  2 bullfrogs
  2 scorpions
  A crimson imp (D:6)
  3 hounds (D:6)
  A bullfrog skeleton (D:4)
  6 orc wizards (D:3)
  A centaur skeleton (D:4)
  An iguana (D:3)
  3 worker ants
  A hound zombie (D:6)
  3 gnolls (D:2)
  7 adders
  A shadow imp (D:4)
  2 worms (D:1)
  3 dart slugs
  3 leopard geckos
  16 orcs
  2 giant cockroaches
  6 hobgoblins
  3 jackals (D:3)
  5 quokkas
  2 ball pythons
  4 bats (D:1)
  A frilled lizard (D:4)
  6 goblins
  7 kobolds
  2 rats (D:1)
107 creatures vanquished.

Notes
Turn   | Place    | Note
-------+----------+-------------------------------------------
     0 | D:1      | astraldaughter the Ogre Archaeologist began the quest for
                  | the Orb.
     0 | D:1      | Reached XP level 1. HP: 19/19 MP: 1/1
   388 | D:1      | Reached XP level 2. HP: 22/28 MP: 2/2
   393 | D:1      | Reached skill level 2 in Maces & Flails
  1201 | D:1      | Reached XP level 3. HP: 35/35 MP: 3/3
  1608 | D:2      | Reached skill level 3 in Maces & Flails
  1876 | D:2      | Reached XP level 4. HP: 27/44 MP: 4/4
  2734 | D:3      | Found a shadowy altar of Dithmenos.
  3135 | D:3      | Reached skill level 4 in Maces & Flails
  3135 | D:3      | Reached XP level 5. HP: 29/53 MP: 5/5
  3135 | D:3      | Identified a scroll of acquirement
  3319 | D:3      | Identified the +8 great mace "Ighebb" {antimagic, Str+5
                  | Stlth+} (You acquired it on level 3 of the Dungeon)
  3319 | D:3      | Identified the +0 hat "Ytremeank" {Int+7} (You acquired it
                  | on level 3 of the Dungeon)
  3323 | D:3      | Found a shimmering blue altar of Sif Muna.
  3335 | D:3      | Became a worshipper of Sif Muna the Loreminder
  3432 | D:3      | Reached skill level 5 in Maces & Flails
  3432 | D:3      | Reached XP level 6. HP: 37/62 MP: 6/6
  3773 | D:3      | Reached skill level 1 in Spellcasting
  4565 | D:4      | Reached skill level 6 in Maces & Flails
  4565 | D:4      | Reached XP level 7. HP: 58/71 MP: 9/9
  4648 | D:4      | Got a faintly glowing medium shield
  4681 | D:4      | Identified the +6 medium shield of the Illusory Realms
                  | {rElec Dex+3} (You found it on level 4 of the Dungeon)
  4761 | D:4      | Found a white marble altar of Elyvilon.
  4920 | D:4      | Reached skill level 5 in Dodging
  4944 | D:4      | Reached skill level 5 in Fighting
  5008 | D:5      | Entered Level 5 of the Dungeon
  5027 | D:5      | Reached skill level 1 in Shields
  5228 | D:5      | Noticed Eustachio
  5262 | D:5      | Killed Eustachio
  5262 | D:5      | Reached skill level 7 in Maces & Flails
  5262 | D:5      | Reached XP level 8. HP: 43/81 MP: 10/12
  5420 | D:5      | Found a staircase to the Ecumenical Temple.
  5448 | D:5      | Found a blossoming altar of Fedhas.
  5455 | D:5      | Noticed Sigmund
  5456 | D:5      | Reached * piety under Sif Muna
  5475 | D:5      | Killed Sigmund
  6063 | D:5      | Found a hazy altar of Hepliaklqana.
  6178 | D:5      | Found a radiant altar of Vehumet.
  6260 | D:6      | Noticed a hippogriff
  6290 | D:5      | Killed a hippogriff
  6290 | D:5      | Reached skill level 8 in Maces & Flails
  6591 | D:6      | Reached XP level 9. HP: 80/89 MP: 13/15
  6617 | D:6      | Found an iron altar of Okawaru.
  6675 | D:6      | Found a hazy altar of Hepliaklqana.
  6921 | D:6      | Received a gift from Sif Muna
  6921 | D:6      | Reached skill level 9 in Maces & Flails
  6931 | D:6      | Learned a level 3 spell: Ozocubu's Armour
  7353 | D:6      | Shot with an arrow by a centaur

Skill      XL: |  1  2  3  4  5  6  7  8  9 |
---------------+----------------------------+-----
Maces & Flails | 2 3 4 5 6 7 8 9 |  9.2
Fighting       | 2 3 4 5 6 |  6.1
Dodging        | 3 4 5 6 7 |  7.1
Spellcasting   | 1 2 4 |  4.7
Shields        | 1 2 3 |  3.3
Stealth        | |  2.4
Charms         | |  0.7
Ice Magic      | |  0.6

Action                   |  1- 3 |  4- 6 |  7- 9 || total
-------------------------+-------+-------+-------++-------
Melee: Whip              |   168 |    55 |       ||   223
       Mace              |       |   134 |   119 ||   253
       Flail             |       |       |   208 ||   208
Throw: Stone             |    13 |     2 |    16 ||    31
Evoke: Wand              |     1 |     1 |     3 ||     5
  Use: Potion            |     1 |     2 |     1 ||     4
       Scroll            |       |     1 |    13 ||    14
 Stab: Sleeping          |     2 |     2 |     2 ||     6
       Confused          |       |       |     4 ||     4
  Eat: Chunk             |     3 |     5 |     1 ||     9
       Ration            |       |     1 |     4 ||     5
Armor: Robe              |    60 |    52 |    63 ||   175
Dodge: Dodged            |   100 |   108 |   135 ||   343
Block: Medium shield     |       |       |   242 ||   242
